Match 45865004
Unlisted

Match 45865004
End
Pioneer Squad
Construct Infanterie Kompanie
Grenadier Squad
Grenadier Squad
Grenadier Squad
Construct Panzergrenadier Kompanie
Medical Bunker
251 Medium Carrier
Pak 40 Anti-tank Gun Team
Panzergrenadier Squad
Construct Panzer Kompanie
Stoßtruppen Squad
Sturmpanzer IV Brummbär
Panzer Officer Quarters
Selects Breakthrough Battlegroup
Selects Rapid Production
Selects Blitzkrieg
Construct Luftwaffe Kompanie
Side Skirts
Medical Station
Selects Tiger Heavy Tank
Selects Assault Grenadiers
Tiger Heavy Tank
Infanterie Officer Quarters
Kettenkrad Recon Vehicle
Selects Breakthrough
Selects Incendiary Bombing Run
Panzergrenadier Officer Quarters
Incendiary Bombing Run
Incendiary Bombing Run
DebaKLeTV
Ermac
aSIIAmsterdam
aSIIDemolitionHammer
0
0

Comments sign in to comment!

No comments posted yet!